[Event "Titled Tuesday Blitz July 18 Early 2023"]
[White "ilya2700"]
[Black "KorolDimitriy75"]
[WhiteElo "2056"]
[BlackElo "2408"]
[Result "0-1"]
[Round "4"]
[TimeControl "180+2"]
[Date "2023.07.18"]
[WhiteClock "0:02:01"]
[BlackClock "0:01:14"]
[Board "180"]

1. e4 c5 2. c4 d6 3. Ne2 g6 4. d4 cxd4 5. Nxd4 Bg7 6. Nc3 Nc6 7. Be3 Nf6 8. Be2 O-O 9. O-O Bd7 10. f4 Nxd4 11. Bxd4 Bc6 12. Bf3 Nd7 13. Bxg7 Kxg7 14. Nd5 Bxd5 15. cxd5 Qb6+ 16. Rf2 Rfc8 17. Qe2 Rc7 18. Kh1 Rac8 19. e5 Rc2 20. Qxc2 Rxc2 21. Rd2 Rxd2 0-1


[Site "https://www.chess.com"]

[Event "Titled Tuesday Blitz July 18 Early 2023"]
[White "luksona14"]
[Black "Feliz Dotel, Dewar Bienvenido"]
[BlackFideId "6402801"]
[WhiteElo "2406"]
[BlackElo "2049"]
[Result "1-0"]
[Round "4"]
[TimeControl "180+2"]
[Date "2023.07.18"]
[WhiteClock "0:01:02"]
[BlackClock "0:00:00"]
[Board "181"]

1. d4 d5 2. Nf3 e6 3. Bf4 c5 4. e3 Bd6 5. Bg3 Nc6 6. c3 Nf6 7. Bd3 Qc7 8. Nbd2 b6 9. Qe2 Bb7 10. O-O Bxg3 11. hxg3 O-O 12. Rac1 c4 13. Bb1 b5 14. e4 dxe4 15. Nxe4 Nxe4 16. Qxe4 g6 17. Ng5 h6 18. Nf3 Kg7 19. Qe3 Rfe8 20. Rfe1 Rad8 21. Rcd1 a5 22. Be4 Ne7 23. Ne5 Bxe4 24. Qxe4 h5 25. Qf3 Nd5 26. Qe2 Nf6 27. g4 hxg4 28. Nxg4 Nxg4 29. Qxg4 Rd5 30. g3 Rh8 31. Kg2 Rdh5 32. Rh1 Qb7+ 33. f3 Qd5 34. Qe4 Qxe4 35. fxe4 Rxh1 36. Rxh1 Rxh1 37. Kxh1 Kf6 38. Kg2 Ke7 39. Kf3 Kd6 40. g4 g5 41. Ke3 f6 42. Ke2 b4 43. Kd2 1-0


[Site "https://www.chess.com"]

[Event "Titled Tuesday Blitz July 18 Early 2023"]
[White "Manukian, Artak"]
[Black "Goughfather"]
[WhiteFideId "13301373"]
[WhiteElo "2405"]
[BlackElo "2017"]
[Result "1-0"]
[Round "4"]
[TimeControl "180+2"]
[Date "2023.07.18"]
[WhiteClock "0:00:15"]
[BlackClock "0:00:00"]
[Board "182"]

1. e4 c6 2. d4 d5 3. e5 c5 4. dxc5 Nc6 5. Bb5 e6 6. b4 a5 7. c3 Bd7 8. Bxc6 Bxc6 9. Nf3 b6 10. Be3 axb4 11. cxb4 bxc5 12. bxc5 Bxc5 13. Bxc5 Qa5+ 14. Nbd2 Qxc5 15. Rc1 Qb6 16. Qb3 Qxb3 17. axb3 Ne7 18. Nd4 Kd7 19. O-O Ra2 20. N2f3 h6 21. b4 Rb8 22. Rb1 Bb5 23. Rfc1 Bc4 24. b5 Rb6 25. Rb4 f6 26. h4 h5 27. Rd1 Ng6 28. exf6 gxf6 29. Nd2 Bd3 30. N2b3 Bc4 31. Nc5+ Kd6 32. Ncxe6 Ne5 33. Nf4 Ra5 34. Nf5+ Kc5 35. Rbb1 Raxb5 36. Rxb5+ Rxb5 37. Ne6+ Kb6 38. Ned4 Rb2 39. Ng3 Ra2 40. Nxh5 Kc5 41. Ne6+ Kd6 42. Nef4 Nc6 43. Ng3 Ke5 44. Nd3+ Bxd3 45. Rxd3 Ra1+ 46. Kh2 Nd4 47. h5 Nf5 48. Nxf5 Kxf5 49. Rxd5+ Ke6 50. Rb5 Rd1 51. Kg3 Rd8 52. f3 Rg8+ 53. Kh3 Rh8 54. g4 Kf7 55. Kg3 Ke6 56. Kf4 Rh7 57. Rb6+ Kd5 58. Rxf6 Ra7 59. Rf5+ Ke6 60. Kg5 Rg7+ 61. Kh4 Ra7 62. h6 Rh7 63. Kh5 Ra7 64. Kg6 Ra1 65. h7 Ra8 66. Kg7 Ra7+ 67. Kh6 Ra8 68. Rf4 Rb8 69. g5 Ke5 70. Rf6 Rc8 71. f4+ Ke4 72. Kg7 1-0


[Site "https://www.chess.com"]

[Event "Titled Tuesday Blitz July 18 Early 2023"]
[White "ivana_999"]
[Black "Bazilius, Augustinas"]
[BlackFideId "12832251"]
[WhiteElo "1979"]
[BlackElo "2404"]
[Result "0-1"]
[Round "4"]
[TimeControl "180+2"]
[Date "2023.07.18"]
[WhiteClock "0:00:01"]
[BlackClock "0:01:12"]
[Board "183"]

1. d4 c5 2. d5 e6 3. c4 exd5 4. cxd5 Nf6 5. Nc3 d6 6. e4 g6 7. f4 Bg7 8. Bb5+ Bd7 9. a4 Qe7 10. Qe2 O-O 11. Nf3 Nxe4 12. Nxe4 Re8 13. Ng3 Qd8 14. Be3 Bd4 15. Nf1 Qf6 16. O-O-O a6 17. Bxd7 Nxd7 18. Qd2 b5 19. Bxd4 cxd4 20. Qxd4 Rac8+ 21. Kb1 Qf5+ 22. Qd3 Qxf4 23. g3 Qxa4 24. N1d2 Nc5 25. Qa3 Qg4 26. h3 Qf5+ 27. Ka1 a5 28. Nb3 Qxf3 29. Nxc5 Qxa3+ 30. bxa3 Rxc5 31. Rb1 Rxd5 32. Rhc1 0-1


[Site "https://www.chess.com"]

[Event "Titled Tuesday Blitz July 18 Early 2023"]
[White "Skiadopoulos, Nikolaos"]
[Black "Silva Lucena, Cristian"]
[WhiteFideId "4200772"]
[BlackFideId "2232588"]
[WhiteElo "1905"]
[BlackElo "2403"]
[Result "0-1"]
[Round "4"]
[TimeControl "180+2"]
[Date "2023.07.18"]
[WhiteClock "0:00:08"]
[BlackClock "0:02:13"]
[Board "184"]

1. e4 c5 2. b4 cxb4 3. a3 d5 4. e5 Nc6 5. d4 Bf5 6. Bb5 Qb6 7. Bxc6+ bxc6 8. axb4 Qxb4+ 9. Bd2 Qxd4 10. c3 Qxe5+ 11. Ne2 Bd3 12. Be3 Bxe2 13. Qxe2 Nf6 14. O-O e6 15. Qa6 Qc7 16. Bf4 Bd6 17. Bxd6 Qxd6 18. Na3 O-O 19. Nb5 Qc5 20. Nxa7 Ne4 21. Qxc6 Qxc6 22. Nxc6 Rxa1 23. Rxa1 Nxc3 24. f3 g6 25. h4 Kg7 26. h5 Rc8 27. Ne5 Ne2+ 28. Kf2 Nf4 29. g3 Nxh5 0-1


[Site "https://www.chess.com"]

[Event "Titled Tuesday Blitz July 18 Early 2023"]
[White "Molina, Roberto Junio Brito"]
[Black "Schut, Han"]
[WhiteFideId "2109450"]
[BlackFideId "1005561"]
[WhiteElo "2879"]
[BlackElo "2306"]
[Result "1-0"]
[Round "4"]
[TimeControl "180+2"]
[Date "2023.07.18"]
[WhiteClock "0:00:23"]
[BlackClock "0:00:01"]
[Board "185"]

1. e4 c5 2. Nf3 d6 3. d4 cxd4 4. Nxd4 Nf6 5. Nc3 a6 6. f3 e5 7. Nb3 Be6 8. Be3 Be7 9. Qd2 O-O 10. O-O-O Nbd7 11. g4 b5 12. g5 b4 13. Ne2 Ne8 14. f4 a5 15. f5 Bxb3 16. cxb3 a4 17. Ng3 axb3 18. axb3 Ra1+ 19. Kc2 Qc7+ 20. Bc4 Rxd1 21. Rxd1 Nb6 22. Qxb4 Nxc4 23. Qxc4 Qb7 24. Kb1 Nc7 25. g6 hxg6 26. fxg6 d5 27. exd5 Bd6 28. Ne4 Rd8 29. gxf7+ Kxf7 30. Qc6 Qa6 31. Nxd6+ Rxd6 32. Qxc7+ Kg6 33. Qc4 Qb7 34. Bc5 Rf6 35. d6 Rf4 36. Qd5 Qb8 37. d7 Kh7 38. d8=Q 1-0


[Site "https://www.chess.com"]

[Event "Titled Tuesday Blitz July 18 Early 2023"]
[White "Holtel, Jasper"]
[Black "DCacheiro"]
[WhiteFideId "12956376"]
[WhiteElo "2301"]
[BlackElo "2442"]
[Result "0-1"]
[Round "4"]
[TimeControl "180+2"]
[Date "2023.07.18"]
[WhiteClock "0:00:18"]
[BlackClock "0:00:23"]
[Board "186"]

1. e4 e5 2. Nf3 Nc6 3. d4 exd4 4. Nxd4 Nf6 5. Nxc6 bxc6 6. e5 Qe7 7. Qe2 Nd5 8. h4 Qe6 9. c4 Nb6 10. b3 g6 11. Bb2 Bg7 12. Nd2 O-O 13. O-O-O Re8 14. f4 d6 15. Nf3 c5 16. Ng5 Qf5 17. Qd2 dxe5 18. fxe5 Bxe5 19. Bd3 Bf4 20. Bxf5 Bxd2+ 21. Rxd2 Bxf5 22. h5 Rad8 23. hxg6 Bxg6 24. Rhd1 Rxd2 25. Rxd2 Re1+ 26. Rd1 Rxd1+ 27. Kxd1 Nd7 28. a3 Kf8 29. Bc1 Ke7 30. Bf4 f6 31. Nf3 c6 32. Kd2 Ke6 33. Kc3 Be4 34. Be3 Bxf3 35. gxf3 h5 36. b4 h4 37. b5 h3 38. Bg1 cxb5 39. cxb5 Ne5 40. Bh2 Nxf3 41. Bg3 h2 42. Bxh2 Nxh2 43. a4 Kd5 44. a5 Nf3 45. b6 axb6 46. a6 Kc6 47. Kc4 b5+ 48. Kd3 Kb6 49. Ke4 Kxa6 50. Kxf3 b4 51. Kf4 Kb5 52. Kf5 c4 53. Kxf6 b3 54. Ke6 b2 55. Kd5 b1=Q 56. Kd4 Qd3+ 57. Ke5 c3 58. Kf4 c2 59. Kg4 c1=Q 60. Kh4 Qg1 61. Kh5 Qh3# 0-1


[Site "https://www.chess.com"]

[Event "Titled Tuesday Blitz July 18 Early 2023"]
[White "Cardozo Munar, Carlos Eduardo"]
[Black "Gaal, Zsoka"]
[WhiteFideId "4409477"]
[BlackFideId "777765"]
[WhiteElo "2289"]
[BlackElo "2409"]
[Result "0-1"]
[Round "4"]
[TimeControl "180+2"]
[Date "2023.07.18"]
[WhiteClock "0:00:00"]
[BlackClock "0:00:55"]
[Board "187"]

1. d4 g6 2. c3 Bg7 3. g3 e6 4. Bg2 Ne7 5. e4 d5 6. e5 c5 7. Ne2 Nbc6 8. O-O h5 9. h4 Nf5 10. Na3 O-O 11. Nc2 b5 12. a4 b4 13. Ne3 Nxe3 14. Bxe3 Ba6 15. f4 bxc3 16. bxc3 cxd4 17. cxd4 Rb8 18. Rf2 Na5 19. Nc3 Nc4 20. Bc1 Qa5 21. Rc2 Rfc8 22. Kh2 Bf8 23. Bf1 Rb3 24. Nb1 Ne3 25. Bxe3 Rxc2+ 26. Qxc2 Rxe3 27. Bxa6 Qxa6 28. Nc3 Qc4 29. Rc1 Bb4 0-1


[Site "https://www.chess.com"]

[Event "Titled Tuesday Blitz July 18 Early 2023"]
[White "Boder, Jan"]
[Black "Bernat, David"]
[WhiteFideId "16243226"]
[BlackFideId "2099225"]
[WhiteElo "2270"]
[BlackElo "2391"]
[Result "1-0"]
[Round "4"]
[TimeControl "180+2"]
[Date "2023.07.18"]
[WhiteClock "0:00:23"]
[BlackClock "0:00:08"]
[Board "188"]

1. d4 d5 2. Nf3 Nf6 3. c4 c6 4. Nc3 a6 5. g3 dxc4 6. e4 b5 7. e5 Nd5 8. Ne4 Bf5 9. Nc5 e6 10. Bg2 Bxc5 11. dxc5 Nd7 12. O-O Nxc5 13. Nd4 Bd3 14. Qg4 Qc7 15. Qxg7 O-O-O 16. Re1 h5 17. Qg5 Nb4 18. a3 Nc2 19. Nxc2 Bxc2 20. Be3 Nb3 21. Rac1 Nxc1 22. Rxc1 Bd3 23. Qf6 h4 24. Qf3 hxg3 25. hxg3 Rhg8 26. Bc5 Rd5 27. Bd6 Rxd6 28. exd6 Qxd6 29. b3 cxb3 30. Rxc6+ Kd7 31. Rxd6+ Kxd6 32. Qxd3+ Ke7 33. Qxb3 1-0


[Site "https://www.chess.com"]

[Event "Titled Tuesday Blitz July 18 Early 2023"]
[White "Merino Garcia, Rafael II"]
[Black "La Villa Rivas, Marlon Javier"]
[WhiteFideId "2209128"]
[BlackFideId "3519546"]
[WhiteElo "2390"]
[BlackElo "2230"]
[Result "0-1"]
[Round "4"]
[TimeControl "180+2"]
[Date "2023.07.18"]
[WhiteClock "0:01:05"]
[BlackClock "0:01:35"]
[Board "189"]

1. d4 Nf6 2. Nf3 c5 3. d5 e6 4. Nc3 exd5 5. Nxd5 Nxd5 6. Qxd5 Be7 7. Bf4 O-O 8. O-O-O Nc6 9. Kb1 Qa5 10. a3 b5 11. Ne5 Nxe5 12. Qxa8 Nc6 13. Rxd7 Bxd7 14. Qb7 Qe1+ 15. Ka2 Be6+ 16. b3 Bf6 0-1


[Site "https://www.chess.com"]

[Event "Titled Tuesday Blitz July 18 Early 2023"]
[White "Kiseleva, Arina"]
[Black "Villarreal, Agustin"]
[WhiteFideId "4164989"]
[BlackFideId "125687"]
[WhiteElo "2203"]
[BlackElo "2378"]
[Result "0-1"]
[Round "4"]
[TimeControl "180+2"]
[Date "2023.07.18"]
[WhiteClock "0:00:03"]
[BlackClock "0:00:11"]
[Board "190"]

1. d4 Nf6 2. Nf3 d5 3. e3 c5 4. Nbd2 Nc6 5. a3 cxd4 6. exd4 Bg4 7. c3 e6 8. h3 Bh5 9. Bd3 Bd6 10. O-O O-O 11. Re1 Rb8 12. Nf1 b5 13. Ng3 Bg6 14. Bxg6 hxg6 15. Ne5 Qc7 16. Bf4 a5 17. Nxc6 Qxc6 18. Be5 Bxe5 19. dxe5 Nd7 20. h4 b4 21. axb4 axb4 22. Rc1 Qc4 23. h5 gxh5 24. Qxh5 Qf4 25. Rcd1 bxc3 26. bxc3 g6 27. Qe2 Kg7 28. Rd4 Qg5 29. Rg4 Qe7 30. Nh5+ Kh7 31. Nf4 Rh8 32. Qf3 Kg8 33. Nxg6 fxg6 34. Rxg6+ Qg7 35. Rxg7+ Kxg7 36. Qg4+ Kf7 37. g3 Rh7 38. Re3 Rbh8 39. Rf3+ Ke7 40. Kf1 Nxe5 41. Qg5+ Kd6 42. Qf4 Rf7 43. Qxf7 Nxf7 44. Rxf7 Rc8 45. Rf3 Rg8 46. Kg2 e5 47. Kh3 d4 48. cxd4 exd4 49. g4 Kc5 50. Kh4 Kc4 51. g5 d3 52. Rxd3 Kxd3 53. f4 Ke4 54. Kh5 Kxf4 55. g6 Kf5 0-1


[Site "https://www.chess.com"]

[Event "Titled Tuesday Blitz July 18 Early 2023"]
[White "Larina, Maria"]
[Black "Slovineanu, Viacheslav"]
[WhiteFideId "24113182"]
[BlackFideId "13900510"]
[WhiteElo "2199"]
[BlackElo "2369"]
[Result "0-1"]
[Round "4"]
[TimeControl "180+2"]
[Date "2023.07.18"]
[WhiteClock "0:00:29"]
[BlackClock "0:00:41"]
[Board "191"]

1. e4 c6 2. d4 d5 3. f3 dxe4 4. fxe4 e5 5. Nf3 Be6 6. c3 Nd7 7. Be2 Bd6 8. O-O Ngf6 9. Ng5 O-O 10. Qe1 h6 11. Nxe6 fxe6 12. Qh4 Qe7 13. Be3 exd4 14. cxd4 e5 15. Nc3 exd4 16. Bxd4 Bc5 17. Bc4+ Kh7 18. Ne2 Bxd4+ 19. Nxd4 Qc5 20. e5 Nxe5 21. Bb3 Nfg4 22. Rad1 Rxf1+ 23. Kxf1 Ne3+ 24. Ke2 Nxd1 25. Bxd1 Qc4+ 26. Kf2 Rf8+ 27. Nf3 Qxh4+ 0-1


[Site "https://www.chess.com"]

[Event "Titled Tuesday Blitz July 18 Early 2023"]
[White "TomLiu777"]
[Black "UgarteCesar"]
[WhiteElo "2344"]
[BlackElo "2171"]
[Result "0-1"]
[Round "4"]
[TimeControl "180+2"]
[Date "2023.07.18"]
[WhiteClock "0:00:00"]
[BlackClock "0:00:22"]
[Board "192"]

1. c4 e6 2. Nc3 d5 3. d4 h6 4. cxd5 exd5 5. Nf3 Nf6 6. g3 Bf5 7. Bg2 Nbd7 8. O-O c6 9. Bf4 Bb4 10. Rc1 O-O 11. Ne5 Nxe5 12. dxe5 Nd7 13. e4 Bxc3 14. Rxc3 dxe4 15. Rc4 Nb6 16. Rd4 Qe7 17. Bxe4 Bxe4 18. Rxe4 Rad8 19. Qg4 Qe6 20. Qe2 Rd7 21. h4 Rfd8 22. h5 Qd5 23. e6 fxe6 24. Rxe6 Qd3 25. Re8+ Rxe8 26. Qxe8+ Kh7 27. Re1 Qf5 28. Re6 Qf7 29. Qxf7 Rxf7 30. Be3 Rd7 31. Kg2 Kg8 32. g4 Kf7 33. Re5 Nc4 34. Rf5+ Ke6 35. Bxa7 Nxb2 36. Rf3 Nd3 37. Re3+ Kf7 38. Bb8 Nb4 39. Kg3 Nd5 40. Rf3+ Ke6 41. Rf5 Rf7 42. Re5+ Kd7 43. f4 Nxf4 44. Rf5 Rxf5 45. gxf5 Nd5 46. Be5 Nf6 47. Kf4 c5 0-1


[Site "https://www.chess.com"]

[Event "Titled Tuesday Blitz July 18 Early 2023"]
[White "Gyulamiryan-koryun"]
[Black "Pourkashiyan, Atousa"]
[BlackFideId "12502014"]
[WhiteElo "1868"]
[BlackElo "2316"]
[Result "0-1"]
[Round "4"]
[TimeControl "180+2"]
[Date "2023.07.18"]
[WhiteClock "0:00:42"]
[BlackClock "0:01:36"]
[Board "193"]

1. d4 Nf6 2. c4 e6 3. Nf3 d5 4. g3 Be7 5. Bg2 O-O 6. O-O dxc4 7. Qc2 a6 8. Qxc4 b5 9. Qc2 Bb7 10. Bf4 Nbd7 11. Qxc7 Qxc7 12. Bxc7 Rac8 13. Bf4 Rc2 14. Nbd2 Rxb2 15. a4 b4 16. e3 Bd5 17. a5 Rc8 18. Rfb1 Rcc2 19. Rxb2 Rxb2 20. Bf1 Ne4 21. Nxe4 Bxe4 22. Ne5 Nxe5 23. Bxe5 f6 24. Bc7 Bb7 25. Bc4 Kf7 26. h4 Rc2 27. Bb3 Rxc7 0-1


[Site "https://www.chess.com"]

[Event "Titled Tuesday Blitz July 18 Early 2023"]
[White "Joshi, Pankaj"]
[Black "Filgueira, Hernan"]
[WhiteFideId "5006210"]
[BlackFideId "101770"]
[WhiteElo "2217"]
[BlackElo "2582"]
[Result "0-1"]
[Round "4"]
[TimeControl "180+2"]
[Date "2023.07.18"]
[WhiteClock "0:00:00"]
[BlackClock "0:00:28"]
[Board "194"]

1. d4 Nf6 2. Bf4 d6 3. e3 g6 4. Nc3 c6 5. Nf3 Qa5 6. Qd2 Bg7 7. Bd3 Bg4 8. h3 Bxf3 9. gxf3 Nbd7 10. Bg3 a6 11. h4 Nh5 12. Bh2 c5 13. Nd5 Qxd2+ 14. Kxd2 Rc8 15. c3 Ndf6 16. Nb6 Rc6 17. Nc4 O-O 18. Rac1 Rfc8 19. Na5 R6c7 20. dxc5 Rxc5 21. Nxb7 Rd5 22. Ke2 Rb8 23. Bxa6 Ne8 24. Bc4 Rf5 25. e4 Nf4+ 26. Kf1 Rf6 27. Na5 Rxb2 28. Nc6 e6 29. Bb3 Bh6 30. Na5 Nd3 31. Rd1 Nxf2 32. Nc4 Nxd1 33. Nxb2 Nxb2 34. Ke2 d5 35. Be5 Rf4 36. Bxf4 Bxf4 37. Rb1 Nc4 38. exd5 Nd2 39. Rb2 Nxb3 40. Rxb3 exd5 41. a4 Bc7 42. Rb5 Kf8 43. a5 Nd6 44. Rc5 Bb8 45. a6 Ke7 46. Rxd5 Ba7 47. Kd3 Kd7 48. c4 Kc6 49. h5 Ne8 50. Rd8 Nc7 51. hxg6 fxg6 52. Rh8 h5 53. Rh7 Bc5 54. Ke4 Nxa6 0-1


[Site "https://www.chess.com"]

[Event "Titled Tuesday Blitz July 18 Early 2023"]
[White "Novikova, Margarita"]
[Black "Borrmann, Laurenz"]
[WhiteFideId "14109689"]
[BlackFideId "312187930"]
[WhiteElo "2192"]
[BlackElo "2516"]
[Result "0-1"]
[Round "4"]
[TimeControl "180+2"]
[Date "2023.07.18"]
[WhiteClock "0:00:00"]
[BlackClock "0:01:26"]
[Board "195"]

1. e4 c5 2. Nc3 Nc6 3. d3 e6 4. g3 d5 5. Bg2 Nf6 6. Bg5 Be7 7. Nge2 d4 8. Nb1 h6 9. Bxf6 Bxf6 10. O-O O-O 11. a4 e5 12. h3 g6 13. Nd2 Be6 14. b3 a6 15. f4 b5 16. f5 Bd7 17. g4 Bg5 18. Re1 Na5 19. axb5 axb5 20. Nf1 c4 21. Kh1 cxb3 22. cxb3 Qe7 23. Nh2 Qb4 24. Rb1 Rac8 25. Nf3 Bf6 26. Qd2 Qxd2 0-1


[Site "https://www.chess.com"]

[Event "Titled Tuesday Blitz July 18 Early 2023"]
[White "BeautiFullMindChess"]
[Black "Gulamali, Kazim"]
[BlackFideId "2024764"]
[WhiteElo "2187"]
[BlackElo "2494"]
[Result "0-1"]
[Round "4"]
[TimeControl "180+2"]
[Date "2023.07.18"]
[WhiteClock "0:00:06"]
[BlackClock "0:01:31"]
[Board "196"]

1. e4 e5 2. Nf3 Nc6 3. Bb5 a6 4. Ba4 Nf6 5. O-O b5 6. Bb3 Bd6 7. d3 h6 8. Nc3 Bb7 9. Nd5 Na5 10. Nxf6+ Qxf6 11. Bd5 Bxd5 12. exd5 O-O 13. a3 c5 14. Nd2 Qg6 15. Ne4 f5 16. Nxd6 Qxd6 17. b4 Nb7 18. c4 Rac8 19. Qb3 bxc4 20. dxc4 e4 21. Be3 f4 22. Bd2 f3 23. gxf3 Rxf3 24. Qa2 Rcf8 25. Kh1 Rxf2 26. Rxf2 Rxf2 27. Bf4 Rxa2 0-1


[Site "https://www.chess.com"]

[Event "Titled Tuesday Blitz July 18 Early 2023"]
[White "ArchibaldCerveza29"]
[Black "Semenova, Elena"]
[BlackFideId "24125148"]
[WhiteElo "2492"]
[BlackElo "2179"]
[Result "0-1"]
[Round "4"]
[TimeControl "180+2"]
[Date "2023.07.18"]
[WhiteClock "0:00:05"]
[BlackClock "0:00:09"]
[Board "197"]

1. d4 Nf6 2. c4 e6 3. Nf3 d5 4. Nc3 Be7 5. Bf4 O-O 6. e3 Nh5 7. Be5 f6 8. Bg3 Nxg3 9. hxg3 c6 10. Qc2 f5 11. cxd5 cxd5 12. Bd3 Nc6 13. a3 Bd7 14. Ke2 Rc8 15. Rh2 Bd6 16. Rah1 h6 17. Nh4 Be8 18. Kf1 Be7 19. Qd1 Qb6 20. Qe2 Bf6 21. g4 f4 22. Ng6 Bxg6 23. Bxg6 fxe3 24. fxe3 Bxd4+ 25. Ke1 Bxe3 26. Rh3 Bf2+ 27. Kd1 Nd4 28. Qe5 Qxb2 29. Rxh6 Qb3+ 30. Kd2 Qxc3+ 31. Kd1 Qc1# 0-1


[Site "https://www.chess.com"]

[Event "Titled Tuesday Blitz July 18 Early 2023"]
[White "Ljukin, Sergei"]
[Black "Sankalan Shah"]
[WhiteFideId "14102200"]
[BlackFideId "25600362"]
[WhiteElo "2472"]
[BlackElo "2179"]
[Result "1-0"]
[Round "4"]
[TimeControl "180+2"]
[Date "2023.07.18"]
[WhiteClock "0:00:10"]
[BlackClock "0:00:00"]
[Board "198"]

1. e4 e5 2. Nf3 Nc6 3. Bb5 Nf6 4. Qe2 d6 5. c3 Bd7 6. O-O a6 7. Ba4 g6 8. d4 Bg7 9. Bxc6 Bxc6 10. dxe5 dxe5 11. Nxe5 O-O 12. Nxc6 bxc6 13. Bg5 h6 14. Bh4 Re8 15. f3 Qb8 16. Na3 Qb6+ 17. Bf2 Qa5 18. Nc4 Qb5 19. a4 Qh5 20. Rfe1 Rab8 21. Rad1 Nh7 22. Rd7 Rbc8 23. Rd2 Nf8 24. f4 Qxe2 25. Rexe2 Ne6 26. g3 Rb8 27. h4 h5 28. f5 Nf8 29. Kf1 Nh7 30. Bd4 Bh6 31. Rd1 Bg7 32. Bxg7 Kxg7 33. fxg6 fxg6 34. Rd7+ Kg8 35. Rxc7 Nf6 36. e5 Ng4 37. e6 Rf8+ 38. Kg1 Rf3 39. e7 Re8 40. Nd6 Rxg3+ 41. Kf1 Rf3+ 42. Ke1 1-0


[Site "https://www.chess.com"]

[Event "Titled Tuesday Blitz July 18 Early 2023"]
[White "Lisjak, Zlatko"]
[Black "Hirneise, Jens"]
[WhiteFideId "14502186"]
[BlackFideId "24614734"]
[WhiteElo "2157"]
[BlackElo "2470"]
[Result "0-1"]
[Round "4"]
[TimeControl "180+2"]
[Date "2023.07.18"]
[WhiteClock "0:00:00"]
[BlackClock "0:01:24"]
[Board "199"]

1. d4 Nf6 2. Nc3 c5 3. d5 d6 4. e4 g6 5. h4 h5 6. Bg5 Bg7 7. Qd2 a6 8. O-O-O b5 9. f3 Qa5 10. Kb1 Nbd7 11. Nh3 Nb6 12. Re1 Nfd7 13. Nd1 b4 14. f4 c4 15. e5 dxe5 16. f5 c3 17. Qf2 Nxd5 18. fxg6 f6 19. Bc4 N7b6 20. Bb3 Be6 21. Bc1 cxb2 22. Bxb2 Na4 23. Bxa4+ Qxa4 24. Qf3 Rc8 25. Re2 Nc3+ 0-1


[Site "https://www.chess.com"]

[Event "Titled Tuesday Blitz July 18 Early 2023"]
[White "Karthik, Advaith"]
[Black "Palacio,Igor Da Paz"]
[WhiteFideId "30946050"]
[BlackFideId "2121140"]
[WhiteElo "2430"]
[BlackElo "2153"]
[Result "1-0"]
[Round "4"]
[TimeControl "180+2"]
[Date "2023.07.18"]
[WhiteClock "0:01:19"]
[BlackClock "0:00:00"]
[Board "200"]

1. d4 Nf6 2. c4 g6 3. Nc3 Bg7 4. e4 d6 5. Nf3 O-O 6. Be2 e5 7. Be3 Nbd7 8. O-O c6 9. h3 Re8 10. Qc2 a6 11. Rfd1 Qe7 12. a4 a5 13. d5 c5 14. Nb5 Rf8 15. Qd2 Ne8 16. Bh6 Bxh6 17. Qxh6 f6 18. Nh2 Qg7 19. Qxg7+ Kxg7 20. g3 h5 21. h4 Nb8 22. Nf1 Na6 23. Ne3 Nb4 24. f4 Bd7 25. Nc3 Kh6 26. Rf1 Ng7 27. Kf2 Rae8 28. Ke1 Bh3 29. Rh1 Bd7 30. Kd2 Re7 31. Raf1 Ree8 32. f5 gxf5 33. exf5 e4 34. Rf4 Re5 35. g4 Rf7 36. Rg1 hxg4 37. Nxg4+ Kh7 38. Nxe5 fxe5 39. Rff1 Nxf5 40. Nxe4 1-0


[Site "https://www.chess.com"]

[Event "Titled Tuesday Blitz July 18 Early 2023"]
[White "Kiseljova, Marya"]
[Black "Rodriguez Santiago, Jaime"]
[WhiteFideId "4155009"]
[BlackFideId "3100898"]
[WhiteElo "2130"]
[BlackElo "2377"]
[Result "0-1"]
[Round "4"]
[TimeControl "180+2"]
[Date "2023.07.18"]
[WhiteClock "0:00:00"]
[BlackClock "0:00:23"]
[Board "201"]

1. d4 Nf6 2. c4 e6 3. Nf3 d5 4. g3 dxc4 5. Bg2 c5 6. Qa4+ Nbd7 7. O-O a6 8. dxc5 Bxc5 9. Qxc4 b5 10. Qh4 Bb7 11. Nc3 Rc8 12. Bg5 h6 13. Rad1 Qb6 14. Bc1 a5 15. Nd2 Bxg2 16. Kxg2 b4 17. Nce4 Nxe4 18. Nxe4 Qc6 19. f3 Be7 20. Qg4 g5 21. Nf2 Nf6 22. Qd4 Qc4 23. Qxc4 Rxc4 24. Nd3 O-O 25. e4 Rfc8 26. Be3 g4 27. Ne5 gxf3+ 28. Rxf3 Rxe4 29. Nd3 Rc2+ 30. Rd2 Rxd2+ 31. Bxd2 Ng4 32. h3 Re2+ 33. Kf1 Rxd2 34. hxg4 Kg7 35. a3 bxa3 36. bxa3 Bxa3 37. Ne5 Bc5 38. Nxf7 a4 39. Ne5 a3 40. Rf7+ Kg8 41. Rb7 a2 42. Rb8+ Kg7 43. Rb7+ Kf6 44. Nd7+ Kg5 0-1


[Site "https://www.chess.com"]

[Event "Titled Tuesday Blitz July 18 Early 2023"]
[White "Topalov, Aleksandar"]
[Black "Guevara Sanchez, Erick Marvin"]
[WhiteFideId "925659"]
[BlackFideId "6700136"]
[WhiteElo "2371"]
[BlackElo "2129"]
[Result "1-0"]
[Round "4"]
[TimeControl "180+2"]
[Date "2023.07.18"]
[WhiteClock "0:00:03"]
[BlackClock "0:00:04"]
[Board "202"]

1. b3 e5 2. Bb2 Nc6 3. c4 d6 4. e3 Be6 5. Nf3 Be7 6. d4 exd4 7. exd4 d5 8. Nc3 Nf6 9. Be2 O-O 10. O-O a6 11. h3 Re8 12. Re1 Bb4 13. a3 Bxc3 14. Bxc3 Ne4 15. Bb2 Qf6 16. Bd3 Ng5 17. Ne5 Nxe5 18. dxe5 Qh6 19. Bc1 Rad8 20. c5 d4 21. f4 Nxh3+ 22. gxh3 Qxh3 23. Bf1 Qg3+ 24. Bg2 Bd5 25. Re2 Bf3 26. Qe1 Qg4 27. Rf2 Bc6 28. Bd2 d3 29. Qd1 Qg3 30. Qh5 Rd4 31. Qh3 Qxh3 32. Bxh3 Red8 33. Re1 Bd5 34. b4 Bc4 35. Bg2 Bd5 36. Bxd5 R4xd5 37. Kg2 b6 38. Rc1 b5 39. Kf3 Rd4 40. Ke3 g6 41. Rg2 Kg7 42. Rg5 f6 43. exf6+ Kxf6 44. Re5 R4d5 45. Rxd5 Rxd5 46. Rc3 Rh5 47. Rxd3 Rh3+ 48. Ke4 Rh1 49. Bc3+ Ke6 50. Rd8 Rc1 51. Kd3 Rd1+ 52. Bd2 Ra1 53. Rc8 Rxa3+ 54. Kc2 Kd5 55. Rxc7 Kc4 56. Rxh7 Ra2+ 57. Kd1 Kd3 58. Rd7+ Kc4 59. c6 Ra1+ 60. Ke2 Rh1 61. c7 Rh2+ 62. Kd1 Kb3 63. c8=Q Rh1+ 64. Be1 Rh2 65. Rd2 Rxd2+ 66. Bxd2 a5 67. Qc3+ Ka4 68. bxa5 b4 69. Qxb4# 1-0


[Site "https://www.chess.com"]

[Event "Titled Tuesday Blitz July 18 Early 2023"]
[White "Prydun, Andriy"]
[Black "Hrescak, Ivana"]
[WhiteFideId "14145898"]
[BlackFideId "14613441"]
[WhiteElo "2368"]
[BlackElo "2128"]
[Result "1-0"]
[Round "4"]
[TimeControl "180+2"]
[Date "2023.07.18"]
[WhiteClock "0:00:08"]
[BlackClock "0:00:05"]
[Board "203"]

1. e4 e5 2. Nf3 Nc6 3. Nc3 Nf6 4. Bb5 Nd4 5. Bc4 c6 6. O-O Bc5 7. Nxe5 O-O 8. Nf3 d5 9. exd5 Bg4 10. Be2 Nxe2+ 11. Qxe2 cxd5 12. Qb5 Qd6 13. Ne5 a6 14. Qxb7 Qxe5 15. d3 Bd6 16. f4 Qd4+ 17. Kh1 Rfe8 18. Bd2 Rab8 19. Qxa6 Rb6 20. Qa7 Bc5 21. Na4 Rc6 22. Nxc5 Qxc5 23. Qxc5 Rxc5 24. Bc3 Re2 25. Rac1 h6 26. Rfe1 Rc8 27. Rxe2 Bxe2 28. Kg1 Ra8 29. a3 Bg4 30. Kf2 Kf8 31. Ke3 Ke7 32. Kd4 Kd7 33. Bb4 Re8 34. Re1 Rxe1 35. Bxe1 Kc6 36. Bh4 Bd1 37. c3 Be2 38. Bxf6 gxf6 39. a4 Bf1 40. g3 h5 41. h4 Be2 42. a5 Bd1 43. b4 Bb3 44. c4 dxc4 45. dxc4 Ba2 46. b5+ Kc7 47. Kc5 Bb3 48. a6 Kb8 49. Kb4 Bd1 50. c5 Bf3 51. Ka5 Ka7 52. b6+ Kb8 53. Kb5 Be4 54. c6 Bd3+ 55. Ka5 Be4 56. c7+ Kc8 57. Kb5 Bf3 58. Kc5 Be4 59. Kd6 Bd3 60. b7# 1-0


[Site "https://www.chess.com"]